 Dungeon Crawl Stone Soup version 0.28.0 (webtiles) character file.

Game seed: 16550780688025722498

41 GrayStillPlays the Skirmisher (level 3, 0/29 HPs)
             Began as a Demonspawn Fighter on Feb 17, 2022.
             Slain by Jessica (1 damage)
             ... on level 2 of the Dungeon.
             The game lasted 00:00:59 (1279 turns).

GrayStillPlays the Skirmisher (Demonspawn Fighter)  Turns: 1279, Time: 00:01:00

Health: 0/29       AC:  6    Str: 18    XL:     3   Next: 32%
Magic:  3/3        EV:  9    Int:  9    God:
Gold:   50         SH:  4    Dex: 12    Spells: 2/2 levels left

rFire   . . .      SeeInvis .   a - +0 war axe {axe}
rCold   . . .      Faith    .   c - +0 buckler
rNeg    . . .      Spirit   .   b - +0 scale mail
rPois   .          Reflect  .   (no helmet)
rElec   .          Harm     .   (no cloak)
rCorr   .          Rampage  .   (no gloves)
Will    .....                   (no boots)
Stlth   ..........              (no amulet)
HPRegen 0.09/turn               (no ring)
MPRegen 0.08/turn               (no ring)

@: slowed, very slow
A: foul stench 1
a: no special abilities


You were on level 2 of the Dungeon.
You visited 1 branch of the dungeon, and saw 2 of its levels.

You collected 50 gold pieces.


Innate Abilities, Weirdness & Mutations

You may rarely emit foul miasma when damaged in melee.


   Skills:
 + Level 3.3 Fighting
 + Level 2.3 Axes
 + Level 3.1 Armour
 + Level 3.0 Shields


You had 2 spell levels left.
You didn't know any spells.
Your spell library was empty.

Inventory:

Hand Weapons
 a - a +0 war axe (weapon) {axe}
Missiles
 i - 27 bolts
 j - 44 stones (quivered) {throwing}
Armour
 b - a +0 scale mail (worn)
 c - a +0 buckler (worn)
Jewellery
 h - an amulet of faith {!P}
   (You found it on level 1 of the Dungeon)
Scrolls
 f - a scroll of blinking {unknown}
Potions
 d - 2 potions of might
 e - 2 potions of haste {unknown}
 g - a potion of mutation {unknown}

Dungeon Overview and Level Annotations

Branches:
Dungeon (2/15)

Altars:

Annotations:
D:2 Jessica

# . .# # .##.#
#....## #.
##.......
##...###.g..>..#
.......@r......#
........@).....#
..###.####......
#. ...... #
.#... .# .# # #


You could see Jessica (fast), a quokka and a hobgoblin.


Message History

You kill the jackal!
A jackal comes into view.
You barely miss the jackal. x2; You block the jackal's attack. x2
The jackal barely misses you.
The jackal stops to sniff the ground.
The jackal barely misses you.
You barely miss the jackal. You hit the jackal. You block the jackal's attack.
The jackal misses you. The jackal barely misses you.
The jackal bites you but does no damage.
You closely miss the jackal. You hit the jackal. The jackal barely misses you.
You block the jackal's attack. The jackal bites you.
The jackal bites you but does no damage. 😕 HP[-2]
You take 2 damage, and now have 27/29 hp.
You closely miss the jackal. You hit the jackal.
You kill the jackal!
The jackal barely misses you. You block the jackal's attack.
You hit the jackal but do no damage.
The jackal bites you but does no damage.
You completely miss the jackal. You barely miss the jackal.
You block the jackal's attack. The jackal closely misses you.
The jackal bites you but does no damage.
The jackal barely misses you. 😕 HP[+1]
You slash the jackal!
You kill the jackal!
You completely miss the jackal.
The jackal bites you but does no damage.
You block the jackal's attack.
You slash the jackal!
You kill the jackal!
No target in view!
No target in view!
You see here a jackal corpse.
You see here a jackal corpse.
Key pressed, stopping explore.
Key pressed, stopping explore.
Key pressed, stopping explore.
Key pressed, stopping explore.
You enter the shallow water.
Moving in this stuff is going to be slow.
Key pressed, stopping explore.
Key pressed, stopping explore.
Done exploring. 😎 HP[+1]
Your hp is fully restored (29).
Done exploring.
Done exploring.
Done exploring.
No target in view!
No target in view!
There is a stone staircase leading down here.
You climb downwards.
The goblin shouts!
You hear a shout!
Found a stone staircase leading down.
There is a stone staircase leading up here.
There are monsters nearby!
There are monsters nearby!
There are monsters nearby!
Jessica the Apprentice Sorceress comes into view.
She is wielding a +0 club.
You slash the bat!
You kill the bat!
You closely miss the goblin.
A quokka comes into view.
The goblin hits you but does no damage.
Jessica gestures wildly while chanting.
Jessica seems to speed up.
You closely miss the goblin. You block the goblin's attack.
The goblin hits you but does no damage.
You hit the goblin. You block Jessica's attack. The goblin closely misses you.
You miss the goblin. You hit Jessica. Jessica hits you with a +0 club.
A hobgoblin comes into view.
The goblin closely misses you.
Jessica points at you and mumbles some strange words.
You feel yourself slow down. 😕 HP[-3]
You take 3 damage, and now have 26/29 hp.
You barely miss Jessica. You hit the goblin.
You kill the goblin!
You barely miss the quokka. Jessica gestures at you while chanting.
Pain shoots through your body!
* * * LOW HITPOINT WARNING * * *
Jessica barely misses you. The quokka bites you.
* * * LOW HITPOINT WARNING * * *
Jessica casts a spell at you. Pain shoots through your body!
* * * LOW HITPOINT WARNING * * *
The quokka twitches its whiskers.
The quokka bites you but does no damage.
Jessica gestures wildly while chanting.
Jessica blinks!
You are too injured to fight recklessly! 😱 HP[-25]
You take 25 damage, and now have 1/29 hp.
MASSIVE DAMAGE!! (PAUSE)
You block the quokka's attack.
There is a stone staircase leading up here.
Jessica hits you with a +0 club.
You die...

Skill      XL: |  1  2 |
---------------+-------+-----
Axes           | 2 |  2.3
Armour         | 3 |  3.1
Shields        | 3 |  3.0
Fighting       | |  3.3

Action                   || total
-------------------------++-------
Melee: War axe           ||    75
Armor: Scale mail        ||    45
Dodge: Dodged            ||    32
Block: Buckler           ||    28

Levels and vault maps discovered:
D:1:      nagdon_arrival_double_spiral, layout_basic,
          hellmonk_ecumenical_altar_inner_sanctum,
          chequers_serial_rivers_micro_b, minmay_lizard_pond
D:2:      layout_rooms, uniq_jessica

Notes
Turn   | Place    | Note
-------+----------+-------------------------------------------
     0 | D:1      | GrayStillPlays the Demonspawn Fighter began the quest for
                  | the Orb.
     0 | D:1      | Reached XP level 1. HP: 18/18 MP: 1/1
     0 | D:1      | magus.rc [v1.9.6]
   259 | D:1      | Reached skill level 2 in Axes
   310 | D:1      | Gained mutation: You may rarely emit foul miasma when
                  | damaged in melee. [demonic ancestry]
   310 | D:1      | Reached XP level 2. HP: 24/24 MP: 2/2
   422 | D:1      | HP: 6/24 [quokka (3)]
   428 | D:1      | HP: 4/24 [quokka (2)]
   890 | D:1      | Reached skill level 3 in Armour
   890 | D:1      | Reached skill level 3 in Shields
   890 | D:1      | Reached XP level 3. HP: 24/29 MP: 3/3
  1080 | D:1      | Found a faded altar of an unknown god.
  1272 | D:2      | Noticed Jessica
  1277 | D:2      | HP: 1/29 [Jessica/nerve-wracking pain (9)]
  1279 | D:2      | Slain by Jessica

Vanquished Creatures
  A gnoll (D:1)
  A dart slug (D:1)
  5 ball pythons (D:1)
  2 endoplasms (D:1)
  A goblin (D:2)
  A hobgoblin (D:1)
  4 jackals (D:1)
  3 kobolds (D:1)
  A quokka (D:1)
  4 bats
  2 frilled lizards (D:1)
  2 rats (D:1)
27 creatures vanquished.

Table legend:
 A = Non-vault XP
 B = Vault XP
 C = Vault XP percentage of total XP
 D = Non-vault monster count
 E = Vault monster count
 F = Vault count percentage of total count
                 A         B        C        D         E       F
            +---------+---------+-------+---------+---------+-------
      Total |      57 |       2 |   3.4 |      25 |       2 |   7.4
            +---------+---------+-------+---------+---------+-------
        D:1 |      53 |       2 |   3.6 |      23 |       2 |   8.0
        D:2 |       4 |       0 |   0.0 |       2 |       0 |   0.0
            +---------+---------+-------+---------+---------+-------

Illustrated notes

Table legend:
 A = Kills in this place as a percentage of kills in entire the game.
 B = Kills by you in this place as a percentage of kills by you in the entire game.
 C = Kills by friends in this place as a percentage of kills by friends in the entire game.
 D = Other kills in this place as a percentage of other kills in the entire game.
 E = Experience gained in this place as a percentage of experience gained in the entire game.
 F = Experience gained in this place divided by the number of levels of this place that you have seen.
                   A       B       C       D       E      F
               +-------+-------+-------+-------+-------+----------------------
         Total | 100.0 | 100.0 |   N/A |   N/A | 100.0 |  29.5
       Dungeon | 100.0 | 100.0 |   N/A |   N/A | 100.0 |  29.5
               +-------+-------+-------+-------+-------+----------------------

Table legend: (Time is in decaauts)
 A = Elapsed time spent in this place.
 B = Non-inter-level travel time spent in this place.
 C = Inter-level travel time spent in this place.
 D = Time resting spent in this place.
 E = Time spent auto-exploring this place.
 F = Levels seen in this place.
 G = Mean time per level.
                   A        B        C        D        E       F      G
               +--------+--------+--------+--------+--------+-----+--------+
         Total |   1314 |   1311 |      3 |      0 |   1145 |   2 |  657.0 |
       Dungeon |   1314 |   1311 |      3 |      0 |   1145 |   2 |  657.0 |
               +--------+--------+--------+--------+--------+-----+--------+

Top non-repeatable levels by time:
     D:1: 1303 daAuts
     D:2: 11 daAuts
